 Dungeon Crawl Stone Soup version 0.30-a0-475-g03497ec522 (webtiles) character file.

Game seed: 2065007192839028976

10 tilp the Covered (level 2, -7/26 HPs)
             Began as a Meteoran Fighter on Dec 20, 2022.
             Succumbed to poison (dark miasma)
             ... on level 3 of the Dungeon.
             The game lasted 00:01:35 (271 turns).

tilp the Covered (Meteoran Fighter)                  Turns: 271, Time: 00:01:36

Health: -7/26      AC:  7    Str: 17    XL:     2   Next: 47%
Magic:  3/3        EV:  9    Int:  9    God:
Gold:   23         SH:  5    Dex: 13    Spells: 1/1 levels left

rFire   . . .      SeeInvis .    a - +0 long sword
rCold   . . .      Faith    .    c - +0 buckler
rNeg    . . .      Spirit   .    b - +0 scale mail
rPois   .          Reflect  .    (no helmet)
rElec   .          Harm     .    (no cloak)
rCorr   .          Rampage  .    (no gloves)
Will    .....                    (no boots)
Stlth   ..........               (no amulet)
HPRegen 0.24/turn                (no ring)
MPRegen 0.08/turn                (no ring)

@: lethally poisoned (-7 -> -46), glowing
A: sense surroundings 1, otherworldly, glowing, explore regen
a: no special abilities


You were on level 3 of the Dungeon.
You visited 1 branch of the dungeon, and saw 3 of its levels.

You collected 23 gold pieces.

Inventory:

Hand Weapons
 a - a +0 long sword (weapon)
Missiles
 g - 5 poisoned darts (quivered)
Armour
 b - a +0 scale mail (worn)
 c - a +0 buckler (worn)
Scrolls
 f - a scroll of identify {unknown}
 i - a scroll of teleportation {unknown}
Potions
 d - a potion of might
 e - a potion of curing {unknown}
 h - a potion of cancellation {unknown}


   Skills:
 + Level 3.3 Fighting
 + Level 2.6 Long Blades
 + Level 3.8 Armour
 * Level 1.0 Dodging
 + Level 0.1 Stealth
 + Level 3.7 Shields


You had one spell level left.
You didn't know any spells.
Your spell library was empty.

Dungeon Overview and Level Annotations

Branches:
Dungeon (3/15) Zot: 1521

Altars:
Kikubaaqudgha

Annotations:
D:3 Grinder


Innate Abilities, Weirdness & Mutations

You passively map a small area around you.
You are easily found by Zot.
You glow in the dark.
You regain HP and MP as you explore.


Message History

The bat is heavily wounded.
The bat hits you. You block the bat's attack.
Things that are here:
a +1 hand axe of freezing; an orc corpse You block the bat's attack.
You slash the bat!
You kill the bat!
Your Dodging skill increases to level 1!
Things that are here:
a +1 hand axe of freezing; an orc corpse
Found a scroll labelled REVVAFI LEAZU.
Found an ancient bone altar of Kikubaaqudgha.
A frilled lizard comes into view.
The frilled lizard hisses angrily.
There is an ancient bone altar of Kikubaaqudgha here.
Found a white potion.
You block the frilled lizard's attack.
You closely miss the frilled lizard.
The frilled lizard bites you but does no damage.
You slash the frilled lizard!
You kill the frilled lizard!
No target in view!
Found a white potion.
Really walk into a travel-excluded area? [Y]es or [N]o only, please.
Really walk into a travel-excluded area?
Unknown command.
Unknown command.
Unknown command.
Really walk into that cloud of foul pestilence?
You are engulfed in dark miasma.
You are lethally poisoned!
You feel very sick.
You see here a scroll labelled REVVAFI LEAZU.
i - a scroll labelled REVVAFI LEAZU You are engulfed in dark miasma.
You are more poisoned.
* * * LOW HITPOINT WARNING * * *
You feel extremely sick.
You die...

# #.####.#######* ,
,#...######.............
,..#.........###.#######
#...####.#### #.# *
....##§...☼# #.#
#..#.....##.#.# ,
*#...._.......#
###.....#..###
#☼@..○#..# *###.### ## ,
, ...# , **,!...# **
....! , ,##.#### #. , *
*


There were no monsters in sight!

Vanquished Creatures
  An orc (D:3)
  A bat (D:3)
  An endoplasm (D:2)
  A goblin (D:1)
  A quokka (D:2)
  A ball python (D:1)
  2 frilled lizards (D:3)
  A kobold (D:2)
9 creatures vanquished.

Notes
Turn   | Place    | Note
-------+----------+-------------------------------------------
     0 | D:1      | tilp the Meteoran Fighter began the quest for the Orb.
     0 | D:1      | Reached XP level 1. HP: 19/19 MP: 2/2
   133 | D:3      | Reached XP level 2. HP: 26/26 MP: 3/3
   138 | D:3      | Noticed Grinder
   238 | D:3      | Reached skill level 1 in Dodging
   253 | D:3      | Found an ancient bone altar of Kikubaaqudgha.
   270 | D:3      | HP: 1/26 [poison (dark miasma)]
   271 | D:3      | Succumbed to poison (dark miasma)

Illustrated notes

Levels and vault maps discovered:
D:1:      matt_arrival_los_fun, layout_basic, kennysheep_doodads
D:2:      layout_basic, kennysheep_flooded_box, uniq_terence, uniq_jessica
D:3:      layout_loops_ring, nicolae_kikubaaqudgha_miasma_corner,
          nicolae_tso_besieged_by_evil, uniq_grinder

Skill      XL: |  1  2 |
---------------+-------+-----
Dodging        | 1 |  1.0
Fighting       | |  3.3
Long Blades    | |  2.6
Armour         | |  3.8
Stealth        | |  0.1
Shields        | |  3.7

Action                   || total
-------------------------++-------
Melee: Long sword        ||    25
Armor: Scale mail        ||    11
Dodge: Dodged            ||     8
Block: Buckler           ||    10

Table legend: (Time is in decaauts)
 A = Elapsed time spent in this place.
 B = Non-inter-level travel time spent in this place.
 C = Inter-level travel time spent in this place.
 D = Time resting spent in this place.
 E = Time spent auto-exploring this place.
 F = Levels seen in this place.
 G = Mean time per level.
                   A        B        C        D        E       F      G
               +--------+--------+--------+--------+--------+-----+--------+
         Total |    278 |    278 |      0 |      0 |     18 |   3 |   92.7 |
       Dungeon |    278 |    278 |      0 |      0 |     18 |   3 |   92.7 |
               +--------+--------+--------+--------+--------+-----+--------+

Top non-repeatable levels by time:
     D:2: 143 daAuts
     D:3: 84 daAuts
     D:1: 50 daAuts
